Map: Washout LE

Players

sebesdes

  • Race: Protoss Protoss
  • League: Grandmaster
  • Spawn Location: 1:00

Elazer - Winner!

  • Race: Zerg Zerg
  • League: Master
  • Spawn Location: 7:00

VOD

Have the link to the VOD?

Description

Time

  • Played on: July 3, 2026, 2:32 p.m.
  • Length: 7:49
Show
View Real Time Build Order
Export as new Build Order

sebesdes Protoss 

Build Orders:  

Get SALT Encoding   

  8  0:00  Probe (Chrono Boost)  
  9  0:12  Probe (Chrono Boost)  
  10  0:20  Probe (Chrono Boost)  
  11  0:26  Probe  
  12  0:33  Pylon  
  12  0:38  Probe  
  13  0:51  Probe  
  13  0:57  Gateway  
  14  1:03  Probe (Chrono Boost)  
  15  1:12  Probe (Chrono Boost)  
  15  1:14  Assimilator  
  15  1:17  Probe (Chrono Boost)  
  17  1:29  Probe  
  18  1:41  Probe  
  19  1:50  Nexus  
  19  2:01  Cybernetics Core  
  19  2:04  Probe  
  20  2:13  Pylon  
  20  2:16  Assimilator  
  20  2:20  Probe  
  20  2:32  Probe  
  21  2:37  Adept (Chrono Boost)  
  21  2:44  Probe  
  24  2:49  Stargate  
  24  2:56  Probe  
  25  3:00  Adept (Chrono Boost)  
  25  3:02  Probe  
  25  3:05  Warp Gate  
  28  3:08  Probe  
  29  3:14  Probe  
  30  3:20  Probe  
  30  3:25  Adept  
  30  3:26  Probe  
  34  3:32  Probe  
  35  3:38  Probe  
  35  3:39  Void Ray (Chrono Boost)  
  40  3:42  Pylon  
  40  3:45  Probe  
  41  3:50  Probe  
  42  4:00  Probe  
  42  4:02  Gateway  
  43  4:03  Probe  
  44  4:12  Probe  
  44  4:16  Probe  
  46  4:26  Probe, Nexus  
  46  4:30  Pylon  
  47  4:33  Probe  
  47  4:36  Forge  
  47  4:37  Twilight Council  
  48  4:39  Probe  
  49  4:47  Gateway  
  49  4:49  Gateway  
  49  5:01  Protoss Ground Weapons Level 1 (Chrono Boost), Shield Battery  
  49  5:05  Gateway  
  49  5:10  Gateway  
  49  5:15  Adept x2  
  49  5:18  Probe  
  52  5:23  Probe  
  47  5:30  Probe  
  47  5:34  Charge (Chrono Boost)  
  46  5:37  Pylon  
  46  5:38  Adept x2  
  46  5:39  Probe  
  41  5:43  Probe  
  41  5:46  Zealot x2  
  46  5:51  Probe  
  46  5:55  Probe  
  45  5:58  Zealot  
  45  5:59  Zealot  
  45  6:00  Probe  
  45  6:03  Zealot  
  52  6:06  Zealot  
  52  6:09  Zealot  
  56  6:15  Zealot  
  58  6:21  Adept  
  58  6:22  Probe (Chrono Boost)  
  61  6:32  Zealot, Probe (Chrono Boost)  
  64  6:41  Pylon  
  64  6:42  Pylon  
  63  6:50  Zealot x4  
  63  6:53  Pylon  
  65  7:02  Zealot x2  
  65  7:06  Pylon  
  69  7:14  Zealot x3  
  65  7:31  Zealot x2  
Show
View Real Time Build Order
Export as new Build Order

Elazer Zerg - Winner!

Build Orders: Hatch First 

Get SALT Encoding   

  8  0:00  Drone  
  9  0:10  Drone  
  10  0:16  Drone  
  11  0:21  Drone  
  12  0:32  Overlord  
  12  0:37  Extractor  
  12  0:39  Drone  
  13  0:51  Drone x2  
  15  1:00  Drone  
  17  1:11  Drone  
  17  1:17  Hatchery  
  16  1:20  Drone  
  17  1:29  Drone  
  17  1:30  Extractor  
  17  1:39  Spawning Pool  
  16  1:42  Drone  
  17  1:50  Drone  
  18  2:00  Drone  
  19  2:10  Drone  
  20  2:23  Overlord  
  20  2:29  Queen x2  
  24  2:33  Metabolic Boost  
  24  2:42  Drone x3  
  27  2:46  Drone  
  27  2:50  Drone  
  29  2:52  Drone  
  30  2:59  Drone, Overlord  
  31  3:09  Zergling x2  
  32  3:14  Hatchery  
  32  3:16  Zergling x2  
  32  3:21  Zergling x2  
  32  3:22  Zergling x2  
  34  3:29  Drone  
  34  3:30  Zergling x2  
  36  3:35  Overlord  
  36  3:37  Drone x4  
  40  3:56  Spore Crawler  
  40  3:57  Spore Crawler, Drone  
  40  3:58  Drone x4  
  43  4:07  Drone  
  43  4:08  Overlord  
  47  4:10  Drone x4  
  47  4:19  Spore Crawler  
  47  4:22  Overlord  
  47  4:23  Overlord  
  46  4:26  Queen  
  46  4:30  Overlord  
  48  4:32  Drone x3  
  48  4:38  Overlord  
  51  4:43  Zergling x10  
  56  4:47  Zergling x6  
  59  4:53  Lair  
  59  5:02  Overlord  
  59  5:06  Drone x6  
  65  5:09  Drone  
  66  5:20  Drone x7  
  66  5:21  Baneling Nest  
  70  5:22  Drone  
  70  5:26  Extractor x2  
  70  5:27  Drone  
  67  5:30  Drone  
  67  5:34  Overlord  
  68  5:40  Drone  
  65  5:43  Overlord  
  65  5:52  Zergling x2  
  65  5:53  Zergling x10  
  65  5:54  Hatchery  
  65  5:56  Zergling x12  
  73  5:59  Overlord  
  73  6:00  Hydralisk Den  
  72  6:06  Extractor  
  72  6:08  Drone x2  
  73  6:12  Overlord  
  74  6:18  Zergling x8  
  74  6:19  Centrifugal Hooks  
  74  6:21  Baneling x2  
  74  6:22  Overlord  
  77  6:28  Drone x3  
  77  6:29  Muscular Augments  
  80  6:33  Baneling x4, Zergling x2  
  80  6:34  Zergling x8  
  80  6:35  Baneling  
  80  6:36  Baneling  
  80  6:38  Overlord  
  85  6:45  Zergling x10  
  89  6:48  Overlord  
  89  6:49  Extractor  
  89  6:53  Drone x2  
  90  6:59  Hydralisk  
  90  7:00  Hydralisk x3  
  95  7:01  Overlord  
  95  7:04  Drone  
  95  7:06  Zergling x6, Baneling x4  
  99  7:12  Baneling x2  
  99  7:13  Zergling x10  
  104  7:18  Zergling x2  
  104  7:19  Zergling x4  
  104  7:24  Baneling  
  104  7:25  Baneling x4  
  94  7:30  Zergling x16  
Tags
 
Matchup
PvZ
Replay Pack
hsc29
Spawn Locations
Cross Positions
Add a new tag
Caveats
  • Supply blocks, unpowered buildings, or Contaminate may cause inaccurate times.
  • Supply counts are checked every 10 seconds.